 Dungeon Crawl Stone Soup version 0.31-a0-96-g196d5507e3 (webtiles) character file.

Game seed: 5515979893702373376

108 Colgate the Magician (level 5, -2/38 HPs)
             Began as a Meteoran Necromancer on May 26, 2023.
             Slain by a kobold brigand
             ... wielding a +0 short sword
              (7 damage)
             ... in a sewer.
             The game lasted 00:06:28 (620 turns).

Colgate the Magician (Meteoran Necromancer)          Turns: 620, Time: 00:06:29

Health: -2/38      AC:  2    Str: 10    XL:     5   Next: 35%
Magic:  13/13      EV: 17    Int: 18    God:
Gold:   30         SH:  0    Dex: 14    Spells: 6/14 levels left

rFire   . . .        e - +0 short sword
rCold   + . .        (no shield)
rNeg    . . .        a - +0 robe
rPois   .            (no helmet)
rElec   .            i - scarf {harm}
rCorr   .            (no gloves)
SInv    .            (no boots)
Will    .....        (no amulet)
Stlth   +            f - ring of protection from cold
HPRegen 0.26/turn    h - +5 ring of evasion
MPRegen 0.13/turn

%: harm (+30% outgoing, +20% incoming)
@: glowing
A: sense surroundings 1, otherworldly, glowing, explore regen
a: no special abilities


You were in a sewer.
You visited 1 branch of the dungeon, and saw 3 of its levels.
You also visited: Sewer.

You collected 30 gold pieces.

Inventory:

Hand Weapons
 e - a +0 short sword (weapon)
Armour
 a - a +0 robe (worn)
 i - a scarf of harm (worn)
Jewellery
 f - a ring of protection from cold (left hand)
 h - a +5 ring of evasion (right hand)
Scrolls
 d - a scroll of magic mapping {unknown}
 g - a scroll of fear {unknown}
 j - a scroll of enchant weapon {unknown}
Potions
 c - a potion of ambrosia {unknown}


   Skills:
 - Level 2.4 Dodging
 - Level 1.4 Stealth
 - Level 5.2 Spellcasting
 + Level 5.1 Necromancy


You had 6 spell levels left.
You knew the following spells:

 Your Spells              Type           Power      Damage    Failure   Level
a - Necrotise             Necr           92%        1d8       1%          1
b - Vampiric Draining     Necr           23%        2d7       4%          3
c - Animate Dead          Necr           23%        N/A       16%         4

Your spell library contained the following spells:

 Spells                   Type           Power      Damage    Failure   Level
 Agony                    Necr           23%        N/A       41%         5


Dungeon Overview and Level Annotations

Branches:
Dungeon (3/15) Zot: 1304    Sewer (1/1) Zot: 458

Altars:

Annotations:
D:3 1 transporter, fly's ghost, amateur DgDe


Innate Abilities, Weirdness & Mutations

You passively map a small area around you.
You are easily found by Zot.
You glow in the dark.
You regain HP and MP as you explore.


Message History

You draw life force from the kobold brigand!
You feel life coursing into your body.
Your reaping aura is weakening.
Your jackal zombie bites the kobold brigand but does no damage.
The kobold brigand splashes around in the water.
Your kobold zombie barely misses the kobold brigand.
You closely miss the kobold brigand.
Your jackal zombie closely misses the kobold brigand.
The kobold brigand completely misses you.
Your kobold zombie barely misses the kobold brigand.
Your jackal zombie bites the kobold brigand.
You closely miss the kobold brigand.
The kobold brigand hits you with a +0 short sword!
* * * LOW HITPOINT WARNING * * *
Your jackal zombie closely misses the kobold brigand.
Your kobold zombie barely misses the kobold brigand.
You hit the kobold brigand. The kobold brigand closely misses you.
Your jackal zombie bites the kobold brigand but does no damage.
You closely miss the kobold brigand.
The kobold brigand splashes around in the water.
Your kobold zombie completely misses the kobold brigand.
Your jackal zombie closely misses the kobold brigand.
You hit the kobold brigand.
Your jackal zombie bites the kobold brigand but does no damage.
The kobold brigand splashes around in the water.
Your kobold zombie barely misses the kobold brigand.
You barely miss the kobold brigand.
Your reaping aura expires.
Your jackal zombie barely misses the kobold brigand.
The kobold brigand barely misses you.
Your kobold zombie hits the kobold brigand but does no damage.
Your jackal zombie bites the kobold brigand but does no damage.
You barely miss the kobold brigand.
The kobold brigand hits you with a +0 short sword.
* * * LOW HITPOINT WARNING * * *
Your jackal zombie barely misses the kobold brigand.
Your kobold zombie barely misses the kobold brigand.
Magic courses through your body.
The kobold brigand hits you with a +0 short sword.
You die...

* ### #* ############ #∩#
##. #..~....~..###.###
....#..~~~~.~~~~.....#####
...#.~≈≈≈~~~~~~~~~~~~~≈≈≈
.....~≈≈≈≈≈≈≈≈≈≈≈≈≈≈≈≈≈≈≈
, , #)~≈≈≈~~~~~~~≈~~~~≈≈≈≈
#~~Z~~~~~~.......##### ~
#.)ZK@.~.~.#######
,,#########~## #~# #~# #~#
#~# #~# #~# #~#


You could see a kobold brigand (ally target), a friendly jackal zombie and a
friendly kobold zombie.

Vanquished Creatures
  Natasha (twice) (D:2)
  4 river rats
  An orc (D:3)
  A bat (D:1)
  An endoplasm (D:1)
  2 giant cockroaches
  A hobgoblin (D:1)
  2 jackals (Sewer)
  5 kobolds
  2 ball pythons
  3 frilled lizards
  2 rats (Sewer)
26 creatures vanquished.

Vanquished Creatures (others)
  A jackal zombie (Sewer)
  A rat zombie (Sewer)
  A river rat zombie (Sewer)
3 creatures vanquished.

Grand Total: 29 creatures vanquished

Notes
Turn   | Place    | Note
-------+----------+-------------------------------------------
     0 | D:1      | Colgate the Meteoran Necromancer began the quest for the
                  | Orb.
     0 | D:1      | Reached XP level 1. HP: 14/14 MP: 5/5
   139 | D:1      | Reached XP level 2. HP: 20/20 MP: 5/7
   255 | D:2      | Noticed Natasha
   263 | D:2      | Killed Natasha
   264 | D:2      | Reached XP level 3. HP: 17/26 MP: 5/10
   268 | D:2      | Learned a level 3 spell: Vampiric Draining
   344 | D:2      | Noticed Natasha
   352 | D:2      | Killed Natasha
   353 | D:2      | Reached skill level 5 in Spellcasting
   353 | D:2      | Reached XP level 4. HP: 9/33 MP: 2/12
   373 | D:3      | Found a transporter.
   373 | D:3      | Noticed fly's ghost (amateur DgDe)
   463 | D:3      | Found a glowing drain.
   481 | D:3      | Reached XP level 5. HP: 27/38 MP: 3/13
   490 | D:3      | Learned a level 4 spell: Animate Dead
   495 | Sewer    | Entered a sewer
   525 | Sewer    | Reached skill level 5 in Necromancy
   582 | Sewer    | Noticed a kobold brigand
   620 | Sewer    | Slain by a kobold brigand

Illustrated notes

Levels and vault maps discovered:
D:1:      saegor_arrival_simple_b, layout_loops_ring
D:2:      layout_basic, uniq_natasha
D:3:      layout_loops_ring, pdpol_temple_overflow_zin_treasury_gozag_greed,
          xom_confusion_cloud, general_overflow_altar,
          gammafunk_ghost_stat_death, portal_sewer_entry_b, minivault_4,
          nicolae_wormholes, uniq_crazy_yiuf_cottage
Sewer:    sewer_kobolds

Skill      XL: |  1  2  3  4  5 |
---------------+----------------+-----
Spellcasting   | 3 4 5 |  5.2
Necromancy     | 5 |  5.1
Dodging        | |  2.4
Stealth        | |  1.4

Action                     |  1- 3 |  4- 6 || total
---------------------------+-------+-------++-------
  Melee: Short sword       |     7 |    52 ||    59
   Cast: Necrotise         |    24 |    15 ||    39
         Vampiric Draining |     2 |     6 ||     8
         Animate Dead      |       |     2 ||     2
    Use: Potion            |       |     1 ||     1
 Armour: Robe              |     3 |     4 ||     7
  Dodge: Dodged            |     6 |    42 ||    48

Table legend: (Time is in decaauts)
 A = Elapsed time spent in this place.
 B = Non-inter-level travel time spent in this place.
 C = Inter-level travel time spent in this place.
 D = Time resting spent in this place.
 E = Time spent auto-exploring this place.
 F = Levels seen in this place.
 G = Mean time per level.
                   A        B        C        D        E       F      G
               +--------+--------+--------+--------+--------+-----+--------+
         Total |    635 |    635 |      0 |      0 |      1 |   4 |  158.8 |
       Dungeon |    495 |    495 |      0 |      0 |      1 |   3 |  165.0 |
         Sewer |    140 |    140 |      0 |      0 |      0 |   1 |  140.0 |
               +--------+--------+--------+--------+--------+-----+--------+

Top non-repeatable levels by time:
     D:1: 207 daAuts
     D:2: 162 daAuts
   Sewer: 140 daAuts
     D:3: 125 daAuts
